AoeStats
← Erick14mar

Arena

507408671Analyzed
2v2 RM · 15d ago on Sep 18, 2026· 66m 20s· 4 players
Game mode
Random Map
Map size
Medium (4 player)
Population
200
Speed
Normal
Resources
Standard
Victory
Conquest
Starting age
Dark Age
Ending age
Imperial Age
RankedLock teamsTeams togetherTeam positionsShared explorationLock speedFull tech treeHidden civsTurbo modeCheats
Victory
Defeat
🇵🇪 Poles · Peru
1310
+12
🇵🇪 Cumans · Peru
1185
+18
🇦🇷 Berbers · Argentina
1257
-16
🇦🇷 Mongols · Argentina
1196
-14
MedicenelMago
10:00 Feudal Age
14:05 Castle Age
12:07 Loom
13:08 Fletching
14:01 Padded Archer Armor
21:50 Leather Archer Armor
23:35 Bloodlines
27:42 Double-Bit Axe
28:21 Town Watch
29:41 Bodkin Arrow
31:36 Ballistics
32:36 Husbandry
34:14 Wheelbarrow
41:34 Imperial Age
40:23 Hand Cart
42:17 Thumb Ring
42:45 Conscription
42:52 Bow Saw
44:53 Elite Mangudai
47:30 Chemistry
46:39 Bracer
48:16 Scale Barding Armor
48:22 Forging
48:40 Heavy Camel Rider
53:12 Capped Ram
58:10 Elite Skirmisher
61:28 Crossbowman
Thor Ragnarsson
10:23 Feudal Age
14:21 Castle Age
20:04 Double-Bit Axe
26:34 Loom
27:47 Horse Collar
30:21 Wheelbarrow
32:49 Gold Mining
33:11 Bow Saw
33:03 Heavy Plow
33:36 Bloodlines
34:34 Scale Barding Armor
34:41 Forging
35:23 Hand Cart
36:42 Gold Shaft Mining
40:06 Imperial Age
38:04 Husbandry
40:15 Chain Barding Armor
40:31 Iron Casting
41:47 Plate Barding Armor
41:10 Cavalier
44:41 Blast Furnace
45:53 Heavy Camel Rider
49:14 Heavy Camel Rider
Erick14mar
5:42 Loom
8:49 Feudal Age
10:11 Town Watch
14:45 Fletching
14:40 Horse Collar
15:51 Double-Bit Axe
24:20 Castle Age
24:05 Scale Barding Armor
24:01 Stone Mining
24:03 Gold Mining
24:36 Forging
26:26 Heavy Plow
28:20 Bow Saw
33:37 Imperial Age
31:28 Light Cavalry
32:09 Husbandry
34:09 Stone Shaft Mining
34:19 Bloodlines
33:49 Cavalier
34:53 Chain Barding Armor
34:58 Szlachta Privileges
36:09 Iron Casting
41:32 Bodkin Arrow
42:55 Winged Hussar
45:47 Blast Furnace
45:48 Crop Rotation
46:36 Conscription
47:27 Lechitic Legacy
47:53 Bracer
47:54 Padded Archer Armor
49:37 Leather Archer Armor
49:21 Crossbowman
50:06 Thumb Ring
51:28 Chemistry
50:43 Scale Mail Armor
51:32 Arbalester
53:36 Ballistics
55:54 Wheelbarrow
55:20 Town Patrol
57:37 Hoardings
56:32 Sappers
57:59 Hand Cart
61:30 Elite Skirmisher
62:39 Chain Mail Armor
62:50 Conscription
wh_halcon
7:25 Loom
9:50 Feudal Age
11:06 Double-Bit Axe
22:42 Castle Age
22:06 Scale Barding Armor
22:11 Forging
21:55 Gold Mining
22:27 Horse Collar
23:14 Bloodlines
24:18 Iron Casting
24:26 Gold Shaft Mining
26:48 Heavy Plow
29:09 Bow Saw
30:49 Chain Barding Armor
35:34 Stone Mining
37:41 Wheelbarrow
40:04 Imperial Age
39:41 Hand Cart
39:12 Town Watch
40:12 Cavalier
41:10 Town Patrol
42:00 Plate Barding Armor
42:26 Blast Furnace
43:18 Chemistry
42:09 Heated Shot
45:16 Crop Rotation
46:54 Paladin
53:16 Scale Mail Armor
53:04 Pikeman
54:27 Squires
57:22 Chain Mail Armor
56:48 Halberdier
57:11 Light Cavalry
59:47 Plate Mail Armor
59:19 Hussar
Connection lost

Rejoining the realm…

Still unreachable

The connection could not be restored.

Session expired

The server has moved on; the page needs a fresh start.